 Dungeon Crawl Stone Soup version 0.30-a0-702-gdf48620a09 (webtiles) character file.

Game seed: 18089540334582018751

10241 Gargoyl the Cleaver (level 11, -3/100 HPs)
             Began as a Gargoyle Berserker on Jan 21, 2023.
             Was a High Priest of Trog.
             Slain by a polar bear (18 damage)
             ... on level 11 of the Dungeon.
             The game lasted 00:13:22 (9903 turns).

Gargoyl the Cleaver (Gargoyle Berserker)            Turns: 9903, Time: 00:13:22

Health: -3/100     AC: 16    Str: 28    XL:     11   Next: 59%
Magic:  11/11      EV: 14    Int:  6    God:    Trog [*****.]
Gold:   608        SH:  7    Dex: 17    Spells: 10/10 levels left

rFire   . . .      SeeInvis +    s - +6 war axe
rCold   . . .      Faith    +    k - +1 buckler
rNeg    + . .      Spirit   .    y - +0 steam dragon scales
rPois   ∞          Reflect  .    (no helmet)
rElec   +          Harm     .    (no cloak)
rCorr   +          Rampage  +    (no gloves)
Will    ++...                    A - +0 pair of boots {Fly} Stlth
                                 o - amulet "Rylu" {Faith Rampage Drain rCorr Dex+7}
HPRegen 1.36/turn                (no ring)
MPRegen 0.12/turn                (no ring)

@: berserking, strong-willed, flying, regenerating, slowed
A: sickness immunity, AC +8, negative energy resistance 1, electricity
resistance, torment resistance 1, petrification resistance, see invisible,
strong 1, no potion heal 1, subdued magic 1
a: Renounce Religion, Berserk, Trog's Hand, Brothers in Arms


You were on level 11 of the Dungeon.
You worshipped Trog.
Trog was extremely pleased with you.
You visited 1 branch of the dungeon, and saw 11 of its levels.
You also visited: Bailey.

You collected 608 gold pieces.

Inventory:

Hand Weapons
 f - a +0 spear
 g - a +1 war axe
 h - a +3 hand axe
 l - a +2 scimitar of flaming
 s - a +6 war axe (weapon)
Missiles
 n - 35 poisoned darts (quivered)
 w - 2 throwing nets
Armour
 k - a +1 buckler (worn)
 y - +0 steam dragon scales (worn)
 A - a +0 pair of boots of flying (worn)
Jewellery
 j - an amulet of guardian spirit
 o - the amulet "Rylu" (around neck) {Faith Rampage Drain rCorr Dex+7}
   (You found it on level 3 of the Dungeon)

   [amulet of faith]

   It allows you to gain divine favour quickly.
   Dex:       It affects your dexterity (+7).
   rCorr:     It protects you from acid and corrosion.
   Drain:     It drains your maximum health when unequipped.
   Rampage:   It bestows one free step when moving towards enemies.
 B - a ring of protection from cold
Wands
 b - a wand of digging (4)
 p - a wand of polymorph (4)
Scrolls
 q - 3 scrolls of teleportation
 r - a scroll of fog
 u - a scroll of poison
 v - a scroll of magic mapping
Potions
 c - 4 potions of haste
 d - 3 potions of curing
 e - 3 potions of brilliance
 i - a potion of cancellation
 m - 3 potions of might
 t - a potion of flight
 x - a potion of heal wounds
 z - 2 potions of magic {unknown}


   Skills:
 + Level 7.5 Fighting
 + Level 6.2 Short Blades
 + Level 8.7 Axes
 + Level 1.4 Throwing
 + Level 7.5 Armour
 + Level 5.3 Dodging
 + Level 3.6 Stealth
 + Level 8.6 Shields


You had 10 spell levels left.
You didn't know any spells.
Your spell library was empty.

Dungeon Overview and Level Annotations

Branches:
Dungeon (11/15)            Temple (0/1) D:5          Bailey (visited)
   Lair: D:8-11         Orc: D:9-12

Altars:
Cheibriados
Gozag
Kikubaaqudgha
Makhleb
Qazlal
Ru
Uskayaw
Wu Jian
Xom

Shops:
D:5 *   D:6 :(   D:8 :

Annotations:
D:7 2 transporters, exclusion: ice statue, NoOffense's ghost, novice TrWn


Innate Abilities, Weirdness & Mutations

You are immune to sickness and miasma.
Your stone body is resilient. (AC +8)
You are immune to poison.
You resist negative energy. (rN+)
You are resistant to electric shocks. (rElec)
You are resistant to unholy torment.
You are immune to petrification.
You have supernaturally acute eyesight. (SInv)
Your muscles are strong. (Str +4, Int/Dex -1)
Potions are less effective at restoring your health.
Your spells are a little easier to cast, but a little less powerful.


Message History

You barely miss the polar bear. You hit the wraith.
You barely miss the ufetubus. The ufetubus closely misses you.
The ufetubus hits you but does no damage.
The wraith closely misses you. The polar bear bites you!
* * * LOW HITPOINT WARNING * * *
You block the polar bear's attack. The polar bear barely misses you.
The polar bear closely misses you. You block the polar bear's attack. x2
The ufetubus misses you. The ufetubus completely misses you.
Unknown command.
You barely miss the polar bear.
The polar bear is lightly wounded.
You hit the polar bear. You slash the wraith! You slash the ufetubus!
You kill the ufetubus!
Trog accepts your kill. The wraith barely misses you.
The polar bear bites you but does no damage.
The polar bear claws you but does no damage.
You block the polar bear's attack. The polar bear completely misses you.
You block the polar bear's attack.
The polar bear claws you but does no damage.
Unknown command.
You slash the polar bear!
The polar bear is moderately wounded.
You slash the polar bear! You hit the wraith but do no damage.
The wraith hits you but does no damage. You block the polar bear's attack.
The polar bear closely misses you. The polar bear misses you.
The polar bear goes berserk!
Unknown command.
You slash the polar bear!
The polar bear is severely wounded.
You slash the polar bear! You slash the wraith! The polar bear bites you!
* * * LOW HITPOINT WARNING * * *
The polar bear misses you.
The polar bear claws you but does no damage.
The wraith hits you.
* * * LOW HITPOINT WARNING * * *
The polar bear barely misses you. You block the polar bear's attack.
The polar bear claws you but does no damage.
The polar bear bites you!!
You die...

#. ....### ##... #..
......### ....# #$..
#..#...####.#...
#...##..............#
#.........~~~~~~≈~~..
#.....~~.~~~~~~~~≈~~~
#..~~~~~....°.W.~.~~~
#..~≈~....∩..@h...~~~
+#..≈~~~.~....h.~~~~~.
........~~~≈~~~~~≈....
..........≈~~~~~~.....
#######+..............#.
......................#
...........>............
....(...................
................##


You could see 2 polar bears and a wraith.

Vanquished Creatures
  Erica (D:9)
  A two-headed ogre (D:10)
  Pikel (D:5)
  A gargoyle (Bailey)
  An unseen horror (D:10)
  A hornet (D:7)
  A troll (D:10)
  A centaur simulacrum (D:11)
  11 yaks
  A wyvern (D:10)
  2 vampires
  A steam dragon (D:7)
  A water moccasin (D:7)
  3 black bears
  4 ice beasts
  2 orc warriors
  3 ogres
  2 centaurs
  3 kobold brigands
  A lemure (D:5)
  A bullfrog (D:8)
  4 necrophages
  5 scorpions
  14 wights
  7 killer bees
  3 howler monkeys
  3 wolf zombies (Bailey)
  8 vampire bats
  A jelly (D:5)
  5 hounds
  2 gnoll boudas
  11 orc priests
  2 iguanas (D:5)
  15 orc wizards
  14 gnolls
  7 adders
  2 ufetubi (D:11)
  3 worms
  5 dart slugs
  3 fire bats (D:4)
  41 orcs
  2 spectral bats (D:4)
  9 ball pythons
  11 bats
  3 bat skeletons (D:4)
  A bat zombie (D:4)
  6 endoplasms
  3 giant cockroaches
  15 goblins
  10 hobgoblins
  3 jackals (D:2)
  2 quokkas
  A bat simulacrum (D:4)
  4 frilled lizards
  20 kobolds
  18 orc zombies (Bailey)
  8 rats
314 creatures vanquished.

Vanquished Creatures (collateral kills)
  2 wights (D:8)
  A ball python (D:4)
3 creatures vanquished.

Vanquished Creatures (others)
  An orc wizard (D:9)
  An orc (D:4)
  A plant (D:1)
3 creatures vanquished.

Grand Total: 320 creatures vanquished

Notes
Turn   | Place    | Note
-------+----------+-------------------------------------------
     0 | D:1      | Gargoyl the Gargoyle Berserker began the quest for the Orb.
     0 | D:1      | Reached XP level 1. HP: 14/14 MP: 1/1
   137 | D:1      | Reached XP level 2. HP: 19/19 MP: 2/2
   278 | D:1      | Reached XP level 3. HP: 24/24 MP: 3/3
   872 | D:2      | Reached ** piety under Trog
   897 | D:2      | Found a burning altar of Makhleb.
   936 | D:2      | Reached XP level 4. HP: 29/29 MP: 4/4
  1334 | D:2      | Identified the +1 robe "Ribuer" {Contam rPois Regen+ Dex+4}
  1612 | D:2      | Found a faded altar of an unknown god.
  1899 | D:3      | Identified the amulet "Rylu" {Faith Rampage Drain rCorr
                  | Dex+7}
  2021 | D:3      | Found an ancient bone altar of Kikubaaqudgha.
  2095 | D:3      | Found a hide-covered altar of Uskayaw.
  2095 | D:3      | Noticed a +0 dagger
  2096 | D:3      | Noticed a +3 hand axe
  2276 | D:3      | Found a sacrificial altar of Ru.
  2305 | D:3      | Reached XP level 5. HP: 12/33 MP: 5/5
  2368 | D:3      | Found a snail-covered altar of Cheibriados.
  2368 | D:3      | Found a burning altar of Makhleb.
  2368 | D:3      | Found an opulent altar of Gozag.
  2647 | D:4      | Found an ornate altar of the Wu Jian Council.
  2734 | D:4      | Reached *** piety under Trog
  2797 | D:4      | Reached skill level 1 in Shields
  2934 | D:4      | Reached XP level 6. HP: 38/38 MP: 6/6
  2935 | D:4      | Reached skill level 1 in Short Blades
  3232 | D:5      | Entered Level 5 of the Dungeon
  3237 | D:5      | Found a staircase to the Ecumenical Temple.
  3294 | D:5      | Found Gamyz's Goods Gallery.
  3295 | D:5      | Noticed a black bear
  3300 | D:5      | Killed a black bear
  3301 | D:5      | Reached XP level 7. HP: 34/44 MP: 7/7
  3745 | D:5      | Noticed Pikel
  3758 | D:5      | Killed Pikel
  3759 | D:5      | Reached skill level 5 in Armour
  3759 | D:5      | Reached skill level 5 in Shields
  3759 | D:5      | Reached XP level 8. HP: 48/48 MP: 8/8
  4122 | D:6      | Reached skill level 5 in Fighting
  4160 | D:6      | Reached XP level 9. HP: 54/54 MP: 9/9
  4168 | D:6      | Found Anusiyno's Weapon Shoppe.
  4287 | D:6      | Reached **** piety under Trog
  4341 | D:6      | Found Siqyran's Book Shoppe.
  4588 | D:6      | Reached skill level 1 in Throwing
  4763 | D:6      | Found a bloodstained altar of Trog.
  4765 | D:6      | Found an opulent altar of Gozag.
  4765 | D:6      | Found an ornate altar of the Wu Jian Council.
  4773 | D:6      | Found a shimmering altar of Xom.
  4773 | D:6      | Found a shimmering altar of Xom.
  4773 | D:6      | Found a stormy altar of Qazlal.
  4906 | D:7      | Reached skill level 1 in Stealth
  4914 | D:7      | Found a transporter.
  4914 | D:7      | Noticed an ice statue
  5029 | D:7      | Reached skill level 5 in Short Blades
  5041 | D:7      | Found a transporter.
  5155 | D:7      | Noticed NoOffense's ghost (novice TrWn)
  5421 | D:7      | Noticed a hornet
  5431 | D:7      | Killed a hornet
  5596 | D:8      | Reached XP level 10. HP: 55/60 MP: 10/10
  6030 | D:8      | Reached ***** piety under Trog
  6621 | D:8      | Found Aczuelor's Book Boutique.
  6697 | D:8      | Reached skill level 5 in Axes
  6954 | D:9      | Noticed Erica
  6965 | D:9      | Killed Erica
  8190 | D:10     | Entered Level 10 of the Dungeon
  8256 | D:10     | Reached XP level 11. HP: 65/66 MP: 11/11
  8681 | D:10     | Found a flagged portal.
  8698 | Bailey   | Entered a bailey
  8771 | Bailey   | Reached skill level 5 in Dodging
  9343 | D:10     | Noticed a two-headed ogre
  9351 | D:10     | Killed a two-headed ogre
  9369 | D:10     | Gained mutation: Potions are less effective at restoring
                  | your health. [potion of mutation]
  9369 | D:10     | Gained mutation: You have supernaturally acute eyesight.
                  | (SInv) [potion of mutation]
  9369 | D:10     | Gained mutation: Your spells are a little easier to cast,
                  | but a little less powerful. [potion of mutation]
  9369 | D:10     | Gained mutation: Your muscles are strong. (Str +4, Int/Dex
                  | -1) [potion of mutation]
  9903 | D:11     | Slain by a polar bear

Illustrated notes

Levels and vault maps discovered:
D:1:      psy_arrival_terrarium, layout_loops_ring,
          chequers_serial_rivers_room_b, minmay_shallow_snake_nest
D:2:      layout_basic, hellmonk_ecumenical_altar_defaced_shrine, basic_altar,
          kennysheep_generic_room_13
D:3:      minmay_skewed_foursquare, layout_basic, general_overflow_altar,
          dancing_weapons_uskayaw, minitemple
D:4:      layout_cave_pools, mainiacjoe_overflow_concentric_impassable,
          goddamned_bats
D:5:      layout_loops_ring, minmay_temple_entry_mini_moons,
          nicolae_alphabet_shops, minmay_small_thing, uniq_pikel
D:6:      layout_loops_cross, doesnt_xom_only_xom, serial_shops,
          nicolae_shop_waterfront, nicolae_shop_hallway_stairs
D:7:      layout_loops_cross, nzn_ghost_randoct
D:8:      layout_loops_corners, serial_shops, shop
D:9:      layout_stronghold, uniq_erica
D:10:     layout_basic, enter_bailey_7
D:11:     layout_stronghold, lair_entry_dummy, david_orc_5, serial_ice,
          serial_ice_i, serial_ice_f, serial_ice_o, serial_ice_b

Skill      XL: |  1  2  3  4  5  6  7  8  9 10 11 |
---------------+----------------------------------+-----
Axes           | 3 4 7 8 |  8.7
Fighting       | 4 5 6 7 |  7.5
Armour         | 3 4 5 6 7 |  7.5
Shields        | 1 3 5 6 7 8 |  8.6
Short Blades   | 1 3 4 5 6 |  6.2
Dodging        | 2 3 4 5 |  5.3
Throwing       | 1 |  1.4
Stealth        | 1 2 3 |  3.6

Action                   |  1- 3 |  4- 6 |  7- 9 | 10-12 || total
-------------------------+-------+-------+-------+-------++-------
Melee: Hand axe          |    14 |       |       |   105 ||   119
       War axe           |    63 |    48 |       |   267 ||   378
       Punch             |     2 |       |       |       ||     2
       Dagger            |       |   236 |   314 |    20 ||   570
Throw: Dart              |       |       |     7 |       ||     7
Invok: Berserk           |     1 |     3 |     5 |    10 ||    19
       Trog's Hand       |       |     3 |     6 |    10 ||    19
       Brothers in Arms  |       |       |       |     1 ||     1
  Use: Scroll            |       |     8 |     7 |     5 ||    20
       Potion            |       |       |       |     4 ||     4
 Stab: Sleeping          |       |       |     1 |     7 ||     8
Armor: Animal skin       |     4 |       |       |       ||     4
       Chain mail        |    35 |   252 |   131 |       ||   418
       Steam dragon scal |       |       |     5 |   162 ||   167
Dodge: Dodged            |    34 |   162 |    93 |   255 ||   544
Block: Buckler           |     1 |   107 |    74 |   198 ||   380

Table legend: (Time is in decaauts)
 A = Elapsed time spent in this place.
 B = Non-inter-level travel time spent in this place.
 C = Inter-level travel time spent in this place.
 D = Time resting spent in this place.
 E = Time spent auto-exploring this place.
 F = Levels seen in this place.
 G = Mean time per level.
                   A        B        C        D        E       F      G
               +--------+--------+--------+--------+--------+-----+--------+
         Total |  10094 |   9811 |    283 |    207 |   7147 |  12 |  841.2 |
       Dungeon |   9503 |   9220 |    283 |     33 |   6969 |  11 |  863.9 |
        Bailey |    591 |    591 |      0 |    174 |    177 |   1 |  591.0 |
               +--------+--------+--------+--------+--------+-----+--------+

Top non-repeatable levels by time:
     D:8: 1397 daAuts
     D:9: 1303 daAuts
    D:10: 1121 daAuts
     D:3: 931 daAuts
     D:2: 891 daAuts
     D:5: 890 daAuts
     D:1: 820 daAuts
     D:6: 797 daAuts
     D:4: 650 daAuts
     D:7: 639 daAuts
  Bailey: 591 daAuts
    D:11: 58 daAuts
